 Dungeon Crawl Stone Soup version 0.19-b1-3-g7dea586 (webtiles) character file.

140 Goblin1989 the Chopper (level 5, 0/41 HPs)
             Began as a Demonspawn Abyssal Knight on Oct 30, 2016.
             Was a Follower of Lugonu.
             Slain by a gnoll
             ... wielding a +0 halberd
              (1 damage)
             ... on level 3 of the Dungeon.
             The game lasted 00:06:53 (2643 turns).

Goblin1989 the Chopper (Demonspawn Abyssal Knight)  Turns: 2643, Time: 00:06:53

Health: 0/41       AC: 10    Str: 12    XL:     5   Next: 2%
Magic:  0/15       EV:  5    Int: 15    God:    Lugonu [*.....]
Gold:   103        SH:  4    Dex: 12    Spells: 0 memorised, 4 levels left

rFire  . . .     SeeInvis .     a - +1 hand axe
rCold  . . .     Gourm    .     d - +0 chain mail
rNeg   . . .     Faith    .     e - +0 buckler
rPois  .         Spirit   +     (no helmet)
rElec  .         Reflect  .     r - +0 cloak
rCorr  .         Harm     .     k - +0 pair of gloves
MR     .....                    (no boots)
Stlth  ..........               (no amulet)
                                (no ring)
                                j - ring of magical power

@: no status effects
A: powered by pain 1, magic shield
a: Depart the Abyss, Renounce Religion


You were on level 3 of the Dungeon.
You worshipped Lugonu.
Lugonu was aware of your devotion.
You were not hungry.

You visited 1 branch of the dungeon, and saw 3 of its levels.
You visited the Abyss 1 time.

You collected 103 gold pieces.

Inventory:

Hand Weapons
 a - a +1 hand axe (weapon)
Armour
 d - a +0 chain mail (worn)
 e - a +0 buckler (worn)
 k - a +0 pair of gloves (worn)
 r - a +0 cloak (worn)
Jewellery
 j - a ring of magical power (left hand)
 l - an uncursed ring of stealth {unknown}
Scrolls
 i - a scroll of enchant weapon {unknown}
 q - a scroll of random uselessness {unknown}
Potions
 b - a potion of invisibility {unknown}
 f - 2 potions of brilliance
 h - a potion of agility {unknown}
 m - a potion of haste {!q, @q3}
 p - a potion of flight {unknown}
Comestibles
 c - 4 bread rations {@e1}
 g - 2 slices of pizza
 n - a beef jerky
 o - a chunk of flesh {@w0}


   Skills:
 - Level 3.0 Fighting
 * Level 4.1 Axes
 - Level 1.7 Armour
 - Level 0.8 Dodging
 + Level 2.0 Shields
 - Level 2.4 Invocations


You had 4 spell levels left.
You didn't know any spells.

Dungeon Overview and Level Annotations

Branches:
Dungeon (3/15)

Altars:


Innate Abilities, Weirdness & Mutations

You sometimes gain a little power by taking damage.
When hurt, damage is shared between your health and your magic reserves.


Message History

You hit the gnoll.
The gnoll is severely wounded.
The gnoll barely misses you. The gnoll hits you with a halberd.
* * * LOW HITPOINT WARNING * * *
You take 4 damage, and have 6/35 hp.
You now have 4/14 mp.
You hit the gnoll.
The gnoll is severely wounded.
The gnoll hits you from afar with a halberd!
* * * LOW HITPOINT WARNING * * *
The gnoll barely misses you.
You take 5 damage, and have 1/35 hp.
You now have 1/14 mp.
You hit the gnoll.
You kill the gnoll!
Lugonu accepts your kill.
Your Shields skill increases to level 2!
You have reached level 5!
The gnoll barely misses you.
Unknown command.
The gnoll hits you but does no damage. The gnoll hits you with a halberd.
You die... ████.█ █.█ █..... █.█ ...█.███.█ ██████████

█..█.....██████.........
........................
█......................♣
█......█████████∆██████♣
██.......... █.█
██.███.█████ █@█
...............gg.......
.█████.███████.█.█.████.
.█ █.█ █.█.█.█ .█ █.█ █
█.█ █ .█ █.█ .█ █.█
∆█████ █.█ .....████


You could see 2 gnolls.

Vanquished Creatures
  Natasha (twice) (D:2)
  2 gnolls (D:3)
  2 adders (D:2)
  2 oozes
  A dart slug (D:1)
  A leopard gecko (D:2)
  An orc (D:3)
  A ball python (D:3)
  A giant cockroach (D:1)
  6 goblins (D:1)
  7 hobgoblins
  8 kobolds
  3 bats
  4 frilled lizards
  3 rats
44 creatures vanquished.

Notes
Turn   | Place    | Note
-------+----------+-------------------------------------------
     0 | Abyss:1  | Goblin1989 the Demonspawn Abyssal Knight began the quest for the Orb.
     0 | Abyss:1  | Reached XP level 1. HP: 18/18 MP: 2/2
    76 | Abyss:1  | Noticed an ancient zyme
    77 | D:1      | Escaped the Abyss
   126 | D:1      | Reached skill level 2 in Axes
   325 | D:1      | Gained mutation: You sometimes gain a little power by taking damage. [demonic ancestry]
   325 | D:1      | Reached XP level 2. HP: 10/24 MP: 3/3
   685 | D:1      | Reached * piety under Lugonu
   843 | D:1      | Reached skill level 3 in Axes
  1074 | D:1      | Reached XP level 3. HP: 27/29 MP: 4/4
  1335 | D:2      | Reached skill level 1 in Shields
  1385 | D:2      | Noticed Natasha
  1403 | D:2      | Killed Natasha
  1403 | D:2      | Gained mutation: When hurt, damage is shared between your health and your magic reserves. [demonic ancestry]
  1403 | D:2      | Reached XP level 4. HP: 17/35 MP: 5/5
  2044 | D:2      | Noticed Natasha
  2068 | D:2      | Killed Natasha
  2499 | D:3      | Reached skill level 4 in Axes
  2641 | D:3      | HP: 1/35 [gnoll/halberd (5)]
  2642 | D:3      | Reached XP level 5. HP: 1/41 MP: 1/6
  2643 | D:3      | Slain by a gnoll

Skill      XL: |  1  2  3  4 |
---------------+-------------+-----
Axes           | 2 3 4 |  4.1
Shields        | 1 2 |  2.0
Fighting       | |  3.0
Armour         | |  1.7
Dodging        | |  0.8
Invocations    | |  2.4

Action                   |  1- 3 |  4- 6 || total
-------------------------+-------+-------++-------
Melee: Hand axe          |    97 |    88 ||   185
Invok: Depart the Abyss  |     1 |       ||     1
  Use: Scroll            |     6 |     1 ||     7
  Eat: Chunk             |     2 |     4 ||     6
Armor: Leather armour    |    26 |       ||    26
       Chain mail        |     5 |    52 ||    57
Dodge: Dodged            |    45 |    34 ||    79
Block: Buckler           |     7 |    13 ||    20

Vault maps used:
D:1:      lemuel_arrival_hallway
D:2:      uniq_natasha
D:3:      first_bread, serial_bayou_ford_a
Abyss:1:  evilmike_abyss_exit_16
